AoeStats
← FishCrates

MegaRandom

509257514Analyzed
3v3 RM · 6d ago on Sep 26, 2026· 31m 57s· 6 players
Game mode
Random Map
Map size
Normal (6 player)
Population
200
Speed
Normal
Resources
Standard
Victory
Conquest
Starting age
Dark Age
Ending age
Imperial Age
RankedLock teamsTeams togetherTeam positionsShared explorationLock speedFull tech treeHidden civsTurbo modeCheats
Victory
Defeat
🇨🇳 Maya · China
1425
+21
🇺🇸 Khitans · United States
1414
+21
🇦🇺 Poles · Australia
1354
+23
🇺🇸 Saxons · United States
1541
-22
🇺🇸 Burmese · United States
1540
-22
🇺🇸 Bulgarians · United States
1503
-21
Kyphosis
7:38 Loom
10:02 Feudal Age
14:02 Double-Bit Axe
14:34 Domestication
21:41 Town Watch
23:05 Forging
26:28 Castle Age
24:41 Scale Barding Armor
26:31 Light Cavalry
27:11 Husbandry
27:32 Chain Barding Armor
28:05 Bow Saw
28:42 Iron Casting
Bleda the Hun
7:31 Loom
11:16 Feudal Age
12:00 Double-Bit Axe
14:37 Wheelbarrow
14:13 Scale Barding Armor
15:19 Forging
15:44 Horse Collar
16:56 Town Watch
22:28 Castle Age
21:17 Bloodlines
22:38 Light Cavalry
23:42 Chain Barding Armor
23:42 Hand Cart
24:12 Husbandry
24:51 Iron Casting
24:58 Gold Mining
27:00 Squires
30:09 Fletching
叫声乌鸦哥
6:26 Loom
8:52 Feudal Age
9:34 Double-Bit Axe
11:29 Fletching
14:46 Horse Collar
21:10 Castle Age
19:34 Gold Mining
20:41 Padded Archer Armor
21:38 Wheelbarrow
22:06 Bodkin Arrow
21:31 Crossbowman
24:16 Ballistics
23:59 Town Watch
25:27 Fishing Lines
26:02 Bow Saw
26:35 Thumb Ring
26:49 Fishing Lines
27:35 Heavy Plow
34:00 Imperial Age
32:32 Hand Cart
washed_king
6:42 Loom
9:08 Feudal Age
11:15 Double-Bit Axe
21:25 Castle Age
20:15 Gold Mining
22:27 Fletching
23:03 Bow Saw
24:04 Bodkin Arrow
27:29 Town Watch
28:01 Husbandry
30:26 Ballistics
30:49 Bloodlines
FishCrates
6:41 Loom
8:51 Feudal Age
9:27 Double-Bit Axe
20:59 Castle Age
19:42 Bloodlines
19:17 Horse Collar
20:35 Gold Mining
22:00 Scale Barding Armor
21:57 Husbandry
22:50 Town Watch
23:48 Chain Barding Armor
25:20 Wheelbarrow
27:46 Bow Saw
DeltaFish
7:03 Loom
9:40 Feudal Age
15:07 Scale Barding Armor
27:57 Castle Age
29:11 Bloodlines
32:07 Horse Collar
Connection lost

Rejoining the realm…

Still unreachable

The connection could not be restored.

Session expired

The server has moved on; the page needs a fresh start.